 Dungeon Crawl Stone Soup version 0.31.0-11-ge490571c62 (webtiles) character file.

Game seed: 7882562330256971245

33 qw the Shooter (level 3, -7/20 HPs)
             Began as a Deep Elf Hunter on Feb 4, 2024.
             Killed from afar by Sigmund (10 damage)
             ... with a puff of flame
             ... on level 2 of the Dungeon.
             The game lasted 00:00:02 (763 turns).

qw the Shooter (Deep Elf Hunter)                     Turns: 763, Time: 00:00:03

Health: -7/20      AC:  6    Str: 10    XL:     3   Next: 12%
Magic:  5/5        EV: 11    Int: 13    God:
Gold:   71         SH:  0    Dex: 18    Spells: 2/2 levels left

rFire   . . .        a - +0 shortbow
rCold   . . .        (shield currently unavailable)
rNeg    . . .        i - +0 ring mail
rPois   .            j - +0 helmet
rElec   .            (no cloak)
rCorr   .            (no gloves)
SInv    .            (no boots)
Will    .....        (no amulet)
Stlth   +            (no ring)
HPRegen 0.23/turn    (no ring)
MPRegen 0.09/turn

%: no passive effects
@: no status effects
A: no striking features
a: no special abilities


You were on level 2 of the Dungeon.
You visited 1 branch of the dungeon, and saw 2 of its levels.

You collected 71 gold pieces.


   Skills:
 - Level 1.5 Fighting
 + Level 6.7 Ranged Weapons
 - Level 2.4 Dodging
 - Level 1.2 Stealth


You had 2 spell levels left.
You didn't know any spells.
Your spell library was empty.

Inventory:

Hand Weapons
 a - a +0 shortbow (weapon)
Armour
 b - a +1 ring mail of fire resistance
 i - a +0 ring mail (worn)
 j - a +0 helmet (worn)
Scrolls
 c - 2 scrolls of identify {unknown}
Potions
 g - a potion of mutation {unknown}
 h - a potion of curing {unknown}
 k - a potion of ambrosia {unknown}

Dungeon Overview and Level Annotations

Branches:
Dungeon (2/15)

Altars:

Annotations:
D:2 Sigmund


Message History

You hear a shout!
A goblin comes into view. It is wielding a +0 dagger.
You shoot an arrow. The arrow completely misses the goblin.
You shoot an arrow. The arrow misses the goblin.
You shoot an arrow. The arrow hits the goblin.
You kill the goblin!
You see here a +0 dagger.
You now have 71 gold pieces (gained 10).
You see here a hobgoblin corpse.
You see here a +0 dagger.
c - 2 scrolls labelled OKULAB GAL (gained 1)
An endoplasm comes into view.
You shoot an arrow. The arrow hits the endoplasm.
The endoplasm is heavily wounded.
You shoot an arrow. The arrow hits the endoplasm.
You kill the endoplasm!
Found a stone staircase leading up.
Found a stone staircase leading down.
Sigmund the Dreaded comes into view.
He is wielding a +3 scythe of flaming and carrying a wand of polymorph.
Found a stone staircase leading down.
You shoot an arrow. The arrow hits Sigmund!
Sigmund is moderately wounded.
Sigmund gestures at you while chanting. The magic dart hits you!
Ouch! That really hurt!
759 ||| FLEEEEING.
760 ||| FLEEEEING.
Sigmund points at you and mumbles some strange words.
The magic dart hits you!
761 ||| FLEEEEING.
A kobold comes into view. It is wielding a +0 short sword.
You shoot an arrow. The arrow closely misses the kobold.
The kobold shouts!
The kobold throws a stone.
The stone barely misses you.
You shoot an arrow. The arrow barely misses the kobold.
Sigmund points at you and mumbles some strange words.
The puff of flame hits you!
Ouch! That really hurt!
You die...
Sigmund begins carving another notch in his scythe.

# .## # #.#.# # #.#.# #
#.#.############ #
#%..#..K......># ##
##.#..###..###..#
.#####)##.## ##.###..###.#.
........#.# #.@......<...
.##.......## ##.###..###.#
...........###..###..@.....
.........##..........###.##
#####...##########...#
##...# #...# ....... #...#
##.#..##. #...# #.#....
#>..#


You could see Sigmund and a kobold.

Vanquished Creatures
  2 bats (D:1)
  3 endoplasms
  5 giant cockroaches
  2 goblins (D:2)
  3 hobgoblins (D:2)
  5 quokkas (D:1)
  4 frilled lizards (D:1)
  2 kobolds (D:1)
  2 rats (D:1)
28 creatures vanquished.

Notes
Turn   | Place    | Note
-------+----------+-------------------------------------------
     0 | D:1      | qw the Deep Elf Hunter began the quest for the Orb.
     0 | D:1      | Reached XP level 1. HP: 12/12 MP: 3/3
     0 | D:1      | 0 ||| qw: Version: 0.3-a-160-g6735b56
     0 | D:1      | 0 ||| qw: Game counter: 6115
     0 | D:1      | 0 ||| qw: Melee chars always use a shield: true
     0 | D:1      | 0 ||| qw: God list: Okawaru
     0 | D:1      | 0 ||| qw: Allow faded altars: false
     0 | D:1      | 0 ||| qw: Do Orc after clearing Dungeon:15 true
     0 | D:1      | 0 ||| qw: Do second Lair branch before Depths: true
     0 | D:1      | 0 ||| qw: Lair rune preference: random
     0 | D:1      | 0 ||| qw: Goals: Normal
     0 | D:1      | 0 ||| PLANNING D:1-11
   136 | D:1      | Reached XP level 2. HP: 16/16 MP: 4/4
   161 | D:1      | Reached skill level 6 in Ranged Weapons
   628 | D:1      | 628 ||| UPGRADING to +0 ring mail.
   638 | D:1      | 638 ||| DROPPING +0 leather armour.
   639 | D:1      | 639 ||| UPGRADING to +0 helmet.
   644 | D:1      | 644 ||| READING scroll labelled YSTUAT QIYSK.
   648 | D:1      | 648 ||| READING scroll labelled NINLATTI ETYSI.
   649 | D:1      | 649 ||| DRINKING 2 bubbling coppery potions.
   650 | D:1      | 650 ||| DROPPING scroll of butterflies.
   651 | D:1      | 651 ||| DROPPING potion of invisibility.
   683 | D:2      | 683 ||| FLEEEEING.
   684 | D:2      | 684 ||| FLEEEEING.
   695 | D:2      | Reached XP level 3. HP: 19/20 MP: 5/5
   757 | D:2      | Noticed Sigmund
   759 | D:2      | 759 ||| FLEEEEING.
   760 | D:2      | 760 ||| FLEEEEING.
   760 | D:2      | HP: 2/20 [Sigmund/magic dart (8)]
   761 | D:2      | 761 ||| FLEEEEING.
   763 | D:2      | Killed from afar by Sigmund

Levels and vault maps discovered:
D:1:      minmay_arrival_diagonal_passages, layout_loops_cross,
          minmay_nonomino_d4
D:2:      minmay_angry_zag, layout_loops_cross, minmay_joined_circles,
          uniq_sigmund, uniq_robin

Skill      XL: |  1  2 |
---------------+-------+-----
Ranged Weapons | 6 |  6.7
Fighting       | |  1.5
Dodging        | |  2.4
Stealth        | |  1.2

Action                     || total
---------------------------++-------
   Fire: Shortbow          ||    59
    Use: Scroll            ||     2
         Potion            ||     1
 Armour: Ring mail         ||     9
         Leather armour    ||     3
  Dodge: Dodged            ||     8

Table legend:
 A = Non-vault XP
 B = Vault XP
 C = Vault XP percentage of total XP
 D = Non-vault monster count
 E = Vault monster count
 F = Vault count percentage of total count
                 A         B        C        D         E       F
            +---------+---------+-------+---------+---------+-------
      Total |      36 |      12 |  25.0 |      22 |       6 |  21.4
            +---------+---------+-------+---------+---------+-------
        D:1 |      24 |       6 |  20.0 |      16 |       3 |  15.8
        D:2 |      12 |       6 |  33.3 |       6 |       3 |  33.3
            +---------+---------+-------+---------+---------+-------
